 Dungeon Crawl Stone Soup version 0.29.1-1-gd02db6906a (webtiles) character file.

Game seed: 10042408835056066029

100 Ashen the Chiller (level 4, -8/32 HPs)
             Began as a Demonspawn Ice Elementalist on Oct 10, 2022.
             Mangled by Grinder (9 damage)
             ... while paralysed by Grinder
             ... on level 3 of the Dungeon.
             The game lasted 00:04:29 (3453 turns).

Ashen the Chiller (Demonspawn Ice Elementalist)     Turns: 3453, Time: 00:04:29

Health: -8/32      AC:  2    Str:  9    XL:     4   Next: 46%
Magic:  5/8        EV:  2    Int: 24    God:
Gold:   98         SH:  0    Dex: 13    Spells: 4/8 levels left

rFire   . . .      SeeInvis .   (no weapon)
rCold   . . .      Faith    .   (no shield)
rNeg    . . .      Spirit   .   a - +0 robe
rPois   .          Reflect  .   (helmet restricted)
rElec   .          Harm     .   (no cloak)
rCorr   .          Rampage  .   (no gloves)
Will    .....                   (no boots)
Stlth   ++........              (no amulet)
HPRegen 0.10/turn               f - +6 ring of intelligence
MPRegen 0.11/turn               (no ring)

@: paralysed
A: antennae 2, condensation shield
a: no special abilities


You were on level 3 of the Dungeon.
You visited 1 branch of the dungeon, and saw 3 of its levels.

You collected 98 gold pieces.

Inventory:

Armour
 a - a +0 robe (worn)
Jewellery
 f - a +6 ring of intelligence (left hand)
Scrolls
 d - a scroll of fog {unknown}
 e - a scroll of amnesia {unknown}
 g - 2 scrolls of identify {unknown}
 h - a scroll of vulnerability {unknown}
 j - 2 scrolls of teleportation {unknown}
Potions
 b - a potion of magic
 c - 2 potions of brilliance {unknown}
 i - a potion of berserk rage {unknown}
 k - a potion of curing {unknown}


   Skills:
 + Level 1.1 Fighting
 + Level 2.1 Dodging
 + Level 2.4 Stealth
 * Level 2.9 Spellcasting
 * Level 4.2 Ice Magic


You had 4 spell levels left.
You knew the following spells:

 Your Spells              Type           Power      Damage    Failure   Level
a - Freeze                Ice            92%        1d10      1%          1
b - Frozen Ramparts       Ice            46%        1d7       6%          3

Your spell library contained the following spells:

 Spells                   Type           Power      Damage    Failure   Level
 Ozocubu's Armour         Ice            23%        N/A       6%          3
 Hailstorm                Conj/Ice       13%        3d5       41%         4
 Cause Fear               Hex            1%         N/A       73%         4
 Dragon Form              Tmut           1%         N/A       100%        7
 Dragon's Call            Summ           1%         N/A       100%        9


Dungeon Overview and Level Annotations

Branches:
Dungeon (3/15)

Altars:

Annotations:
D:3 3 runed translucent doors, Grinder; p0werm0de's ghost, amateur PaIE


Innate Abilities, Weirdness & Mutations

You have a pair of antennae on your head.
A meltable shield of frost defends you. (SH +0)


Message History

The wall freezes the orc wizard.
The orc wizard hits you with a +0 club.
Unknown command.
You hit the orc wizard but do no damage.
The orc wizard is moderately wounded.
Grinder gestures at you.
You suddenly lose the ability to move!
An orc comes into view. It is wielding a +0 mace.
The wall freezes the orc wizard.
The orc wizard hits you with a +0 club.
The wall freezes the orc wizard.
The orc wizard hits you with a +0 club.
The wall freezes the orc wizard but does no damage.
The orc wizard gestures at you while chanting.
You resist with some effort.
You can move again.
You miss the orc wizard.
The orc wizard is almost dead.
The wall freezes the orc wizard but does no damage.
The orc wizard hits you with a +0 club.
* * * LOW HITPOINT WARNING * * *
Unknown command.
You barely miss the orc wizard.
The orc wizard is almost dead.
The wall freezes the orc wizard.
You kill the orc wizard!
Your frozen ramparts will break if you move.
Continue?
The frozen ramparts melt away as you move.
An orc comes into view. It is wielding a +4 dagger of draining.
Things that are here:
a +0 club; a +0 robe; an orc corpse A sourceless malevolence fills the Dungeon... and a teleportation trap spontaneously manifests!
You are yanked towards some nearby monsters!
Your surroundings suddenly seem different.
Grinder blinks!
Grinder gestures at you.
You suddenly lose the ability to move!
Grinder hits you.
* * * LOW HITPOINT WARNING * * *
You writhe in agony.
* * * LOW HITPOINT WARNING * * *
Grinder hits you!
You die...

...#.[....')).#<....#
......†...##..#####.#
##.......##..# #.#
###......o##..# #.#
..........##..# #.#
####.....o##..# #.#
..........##..#####.#
########..5.........#
#......@..#######
#..........#
#....)...#.#
#........#.#
#........#.#
#........#.#
#........#.#
#.########.#


You could see Grinder and an orc.

Vanquished Creatures
  An orc wizard (D:3)
  2 adders (D:2)
  A dart slug (D:1)
  An orc (D:3)
  A bat (D:2)
  3 endoplasms (D:1)
  4 giant cockroaches
  4 goblins
  2 hobgoblins (D:1)
  8 jackals
  3 kobolds (D:2)
  A quokka (D:3)
  10 ball pythons
  5 frilled lizards
  4 rats
50 creatures vanquished.

Notes
Turn   | Place    | Note
-------+----------+-------------------------------------------
     0 | D:1      | Ashen the Demonspawn Ice Elementalist began the quest for
                  | the Orb.
     0 | D:1      | Reached XP level 1. HP: 13/13 MP: 3/3
   333 | D:1      | Gained mutation: A meltable shield of frost defends you.
                  | (SH +0) [demonic ancestry]
   333 | D:1      | Reached XP level 2. HP: 19/19 MP: 1/5
  1341 | D:1      | Gained mutation: You have a pair of small antennae on your
                  | head. [demonic ancestry]
  1341 | D:1      | Reached XP level 3. HP: 25/25 MP: 4/6
  1651 | D:2      | Learned a level 3 spell: Frozen Ramparts
  1826 | D:2      | Reached skill level 4 in Ice Magic
  2657 | D:2      | Gained mutation: You have a pair of antennae on your head.
                  | [demonic ancestry]
  2657 | D:2      | Reached XP level 4. HP: 31/31 MP: 6/8
  2803 | D:2      | Reached skill level 1 in Fighting
  3242 | D:3      | Found a runed translucent gate.
  3243 | D:3      | Found a runed translucent gate.
  3243 | D:3      | Found a runed translucent gate.
  3247 | D:3      | Noticed p0werm0de's ghost (amateur PaIE)
  3433 | D:3      | Noticed Grinder
  3436 | D:3      | Paralysed by Grinder for 4 turns
  3442 | D:3      | Paralysed by Grinder for 3 turns
  3451 | D:3      | Paralysed by Grinder for 4 turns
  3452 | D:3      | HP: 1/32 [Grinder (3)]
  3453 | D:3      | Mangled by Grinder

Illustrated notes

Levels and vault maps discovered:
D:1:      evilmike_arrival_fibonacci_small, layout_basic
D:2:      layout_basic
D:3:      layout_basic, gammafunk_ghost_necromancy, uniq_grinder

Skill      XL: |  1  2  3  4 |
---------------+-------------+-----
Stealth        | 2 |  2.4
Dodging        | 2 |  2.1
Ice Magic      | 4 |  4.2
Fighting       | 1 |  1.1
Spellcasting   | |  2.9

Action                   |  1- 3 |  4- 6 || total
-------------------------+-------+-------++-------
Melee: Unarmed           |    72 |     7 ||    79
       Punch             |     1 |       ||     1
 Cast: Freeze            |    65 |     5 ||    70
       Frozen Ramparts   |       |     2 ||     2
 Stab: Sleeping          |     4 |     1 ||     5
Armor: Robe              |    17 |     2 ||    19
Dodge: Dodged            |    69 |     6 ||    75
Block: Other             |    22 |     3 ||    25
